 Dungeon Crawl Stone Soup version 0.31-a0-234-gad7ace16ef (webtiles) character file.

Game seed: 12093220717273490412

160 qw the Shooter (level 5, 0/30 HPs)
             Began as a Gargoyle Hexslinger on July 9, 2023.
             Slain by an orc wizard
             ... wielding a +0 dagger
              (1 damage)
             ... on level 3 of the Dungeon.
             The game lasted 00:01:06 (2039 turns).

qw the Shooter (Gargoyle Hexslinger)                Turns: 2039, Time: 00:01:06

Health: 0/30       AC: 10    Str: 12      XL:     5   Next: 41%
Magic:  6/6        EV: 10    Int: 13      God:
Gold:   205        SH:  0    Dex: 12 (14) Spells: 5/6 levels left

rFire   . . .        Y - +1 sling (flame)
rCold   . . .        (no shield)
rNeg    + + +        e - +0 ring mail
rPois   inf          (no helmet)
rElec   +            b - +0 cloak
rCorr   .            (no gloves)
SInv    .            (no boots)
Will    .....        (no amulet)
Stlth   +            d - ring of positive energy
HPRegen 0.25/turn    h - ring of positive energy
MPRegen 0.10/turn

%: no passive effects
@: about to teleport
A: sickness immunity, AC +4, negative energy resistance 1, electricity
resistance, torment resistance 1, petrification resistance
a: no special abilities


You were on level 3 of the Dungeon.
You visited 1 branch of the dungeon, and saw 3 of its levels.

You collected 205 gold pieces.


Innate Abilities, Weirdness & Mutations

You are immune to sickness and miasma.
Your stone body is resilient. (AC +4)
You are immune to poison.
You resist negative energy. (rN+)
You are resistant to electric shocks. (rElec)
You are resistant to unholy torment.
You are immune to petrification.


   Skills:
 + Level 2.1 Fighting
 - Level 5.0 Ranged Weapons
 - Level 1.0 Armour
 - Level 1.5 Dodging
 - Level 1.0 Spellcasting
 - Level 2.6 Hexes


You had 5 spell levels left.
You knew the following spells:

 Your Spells              Type           Power      Damage    Failure   Level
a - Slow                  Hex            28%        N/A       22%         1

Your spell library contained the following spells:

 Spells                   Type           Power      Damage    Failure   Level
 Inner Flame              Hex/Fire       4%         N/A       73%         3
 Portal Projectile        Hex/Tloc       8%         N/A       73%         3
 Cause Fear               Hex            3%         N/A       91%         4

Inventory:

Hand Weapons
 Y - a +1 sling of flaming (weapon)
Armour
 b - a +0 cloak (worn)
 e - a +0 ring mail (worn)
Jewellery
 d - a ring of positive energy (left hand)
 h - a ring of positive energy (right hand)
Scrolls
 l - a scroll of identify
Potions
 a - a potion of curing {unknown}
 c - a potion of ambrosia {unknown}
 f - 2 potions of haste
 g - a potion of brilliance {unknown}
 k - a potion of magic {unknown}

Dungeon Overview and Level Annotations

Branches:
Dungeon (3/15)

Altars:
Fedhas


Message History

The orc hits you with a +2 whip of flaming.
The orc burns you. The orc wizard casts a spell at you.
The magic dart hits you! The orc barely misses you.
The orc wizard barely misses you. The orc hits you but does no damage.
The orc wizard hits you but does no damage.
The orc hits you with a +2 whip of flaming.
The orc burns you.
The orc wizard hits you but does no damage.
The orc barely misses you.
The orc wizard hits you but does no damage.
The orc hits you with a +2 whip of flaming.
The orc burns you.
The orc wizard hits you but does no damage.
The orc hits you with a +2 whip of flaming.
The orc burns you.
You feel less confused.
The orc wizard hits you but does no damage.
The orc closely misses you.
2036 ||| READING scroll of teleportation.
As you read the scroll of teleportation, it crumbles to dust.
You feel strangely unstable.
The orc wizard hits you but does no damage.
The orc hits you but does no damage.
You shoot a sling bullet.
The sling bullet closely misses the orc wizard.
The orc wizard gestures at you while chanting.
The puff of flame hits you. The orc hits you but does no damage. x2
The orc wizard casts a spell.
The orc wizard flickers and vanishes!
Deactivating autopickup; reactivate with Ctrl-A.
You shoot a sling bullet. The sling bullet hits the orc.
The sling bullet burns the orc.
The orc is moderately wounded.
Something hits you but does no damage. The orc completely misses you.
You shoot a sling bullet. The sling bullet hits the orc.
The sling bullet burns the orc.
You kill the orc!
Something hits you.
You die...

## .# #.. .. ##
#####)..# #.#
#. ...
#{))....# #.#
#. ##..######@#
.. #.# #.
........##.#
#..#####.# #.
#.........#
........# #.
...####%####
##.###....###.
#.#
.........[....
..#######.###
#.###..######
.......%....#
##...#....>
.########.#.#
#.#.#.......###
#..#.#
#.#.........^..


There were no monsters in sight!

Vanquished Creatures
  4 gnolls (D:3)
  3 adders
  4 dart slugs
  7 orcs (D:3)
  6 ball pythons
  7 endoplasms
  4 giant cockroaches
  6 goblins
  5 hobgoblins
  8 jackals
  A quokka (D:1)
  7 bats
  4 frilled lizards (D:1)
  5 kobolds
  9 rats
80 creatures vanquished.

Notes
Turn   | Place    | Note
-------+----------+-------------------------------------------
     0 | D:1      | qw the Gargoyle Hexslinger began the quest for the Orb.
     0 | D:1      | Reached XP level 1. HP: 12/12 MP: 2/2
     0 | D:1      | 0 ||| qw: Version: 0.3-a-51-g015441d
     0 | D:1      | 0 ||| qw: Game counter: 4122
     0 | D:1      | 0 ||| qw: Melee chars always use a shield: true
     0 | D:1      | 0 ||| qw: God list: Okawaru
     0 | D:1      | 0 ||| qw: Allow faded altars: false
     0 | D:1      | 0 ||| qw: Do Orc after clearing Dungeon:15 true
     0 | D:1      | 0 ||| qw: Do second Lair branch before Depths: true
     0 | D:1      | 0 ||| qw: Lair rune preference: random
     0 | D:1      | 0 ||| qw: Goals: Normal
     0 | D:1      | 0 ||| PLANNING D:1-11
    79 | D:1      | Reached XP level 2. HP: 16/16 MP: 3/3
   225 | D:1      | Reached skill level 3 in Ranged Weapons
   396 | D:1      | Reached XP level 3. HP: 17/21 MP: 4/4
   412 | D:1      | 412 ||| FLEEEEING.
   413 | D:1      | 413 ||| FLEEEEING.
   414 | D:1      | 414 ||| FLEEEEING.
   415 | D:1      | 415 ||| FLEEEEING.
   416 | D:1      | 416 ||| FLEEEEING.
   417 | D:1      | 417 ||| FLEEEEING.
   421 | D:1      | 421 ||| FLEEEEING.
   422 | D:1      | 422 ||| FLEEEEING.
   423 | D:1      | 423 ||| FLEEEEING.
   424 | D:1      | 424 ||| FLEEEEING.
   425 | D:1      | 425 ||| FLEEEEING.
   426 | D:1      | 426 ||| FLEEEEING.
   430 | D:1      | 430 ||| FLEEEEING.
   772 | D:1      | 772 ||| UPGRADING to +0 ring mail.
   782 | D:1      | 782 ||| DROPPING +0 robe.
   783 | D:1      | 783 ||| UPGRADING to ring of positive energy.
   784 | D:1      | 784 ||| READING 2 scrolls labelled LANTUOKHEIB.
   789 | D:1      | 789 ||| READING scroll labelled NOALAES NUUSEL.
   790 | D:1      | 790 ||| READING scroll labelled ARRYOTTUIGYOC.
   800 | D:1      | 800 ||| READING scroll labelled AVIAC UHONOG LUD.
   801 | D:1      | 801 ||| DRINKING 3 fizzy sapphire potions.
   802 | D:1      | 802 ||| DRINKING 2 glowing orange potions.
   803 | D:1      | 803 ||| DROPPING scroll of poison.
   804 | D:1      | 804 ||| DROPPING potion of degeneration.
   826 | D:2      | 826 ||| STAIRDANCE
   919 | D:2      | Found a blossoming altar of Fedhas.
   949 | D:2      | Found a faded altar of an unknown god.
   965 | D:2      | HP: 5/21 [jackal (3)]
   966 | D:2      | 966 ||| READING scroll of teleportation.
  1096 | D:2      | Reached XP level 4. HP: 26/26 MP: 5/5
  1105 | D:2      | 1105 ||| READING scroll of brand weapon.
  1105 | D:2      | 1105 ||| BRANDING +1 sling of draining.
  1442 | D:2      | 1442 ||| UPGRADING to +0 cloak.
  1447 | D:2      | 1447 ||| UPGRADING to ring of positive energy.
  1448 | D:2      | 1448 ||| READING scroll labelled BOMMUPP POTONG.
  1449 | D:2      | 1449 ||| READING 2 scrolls of identify.
  1449 | D:2      | 1449 ||| IDENTIFYING glowing cyan potion
  1450 | D:2      | 1450 ||| DROPPING potion of lignification.
  1547 | D:3      | Reached skill level 1 in Armour
  1573 | D:3      | Reached skill level 4 in Ranged Weapons
  1914 | D:3      | Reached XP level 5. HP: 30/30 MP: 6/6
  2005 | D:3      | Reached skill level 5 in Ranged Weapons
  2034 | D:3      | HP: 7/30 [orc/+2 whip of flaming (2)]
  2036 | D:3      | 2036 ||| READING scroll of teleportation.
  2037 | D:3      | HP: 1/30 [orc wizard/puff of flame (6)]
  2039 | D:3      | Slain by an orc wizard

Levels and vault maps discovered:
D:1:      dpeg_arrival_rhombus, layout_basic, minmay_three_crescents
D:2:      layout_loops_ring, chequers_ecumenical_altar_simple, basic_altar
D:3:      layout_loops_ring, roderic_lattice_a

Skill      XL: |  1  2  3  4  5 |
---------------+----------------+-----
Ranged Weapons | 3 4 5 |  5.0
Fighting       | 2 |  2.1
Armour         | 1 |  1.0
Dodging        | |  1.5
Spellcasting   | |  1.0
Hexes          | |  2.6

Action                     |  1- 3 |  4- 6 || total
---------------------------+-------+-------++-------
   Fire: Sling             |   133 |   123 ||   256
    Use: Scroll            |     5 |     4 ||     9
         Potion            |     2 |       ||     2
 Armour: Robe              |    11 |       ||    11
         Ring mail         |    27 |    47 ||    74
  Dodge: Dodged            |    64 |    50 ||   114

Table legend:
 A = Non-vault XP
 B = Vault XP
 C = Vault XP percentage of total XP
 D = Non-vault monster count
 E = Vault monster count
 F = Vault count percentage of total count
                 A         B        C        D         E       F
            +---------+---------+-------+---------+---------+-------
      Total |     223 |       9 |   3.9 |      74 |       6 |   7.5
            +---------+---------+-------+---------+---------+-------
        D:1 |      47 |       9 |  16.1 |      28 |       6 |  17.6
        D:2 |      36 |       0 |   0.0 |      14 |       0 |   0.0
        D:3 |     140 |       0 |   0.0 |      32 |       0 |   0.0
            +---------+---------+-------+---------+---------+-------
